 Dungeon Crawl Stone Soup version 0.23-a0-279-g95cc579 (webtiles) character file.

2501 MatthieuS the Thaumaturge (level 9, -1/46 HPs)
             Began as a Deep Elf Wizard on Oct 2, 2018.
             Was an Initiate of Vehumet.
             Slain by smop's ghost (6 damage)
             ... on level 7 of the Dungeon.
             The game lasted 00:39:21 (10467 turns).

MatthieuS the Thaumaturge (Deep Elf Wizard)        Turns: 10467, Time: 00:39:21

Health: -1/46      AC:  6    Str:  6    XL:     9   Next: 28%
Magic:  1/23       EV: 14    Int: 30    God:    Vehumet [......]
Gold:   411        SH:  6    Dex: 11    Spells: 10/24 levels left

rFire    . . .     SeeInvis .   (no weapon)
rCold    . . .     Gourm    .   (no shield)
rNeg     . . .     Faith    .   a - +0 leather armour
rPois    +         Spirit   .   b - +0 hat
rElec    .         Reflect  +   j - +0 cloak
rCorr    .         Harm     .   s - +1 pair of gloves
MR       .....                  (no boots)
Stlth    +++.......             m - +6 amulet of reflection
HPRegen  0.15/turn              w - ring of poison resistance
MPRegen  0.18/turn              (no ring)

@: brilliant
A: talons 1, clumsy 1, frail 1, sense surroundings 1
a: Renounce Religion


You were on level 7 of the Dungeon.
You worshipped Vehumet.
Vehumet was noncommittal.
You were not hungry.

You visited 2 branches of the dungeon, and saw 8 of its levels.

You collected 411 gold pieces.

Inventory:

Missiles
 h - 345 stones (quivered)
Armour
 a - a +0 leather armour (worn)
   (You took it off an orc on level 3 of the Dungeon)
 b - a +0 hat (worn)
 j - a +0 cloak (worn)
   (You found it on level 5 of the Dungeon)
 s - a +1 pair of gloves (worn)
   (You found it on level 2 of the Dungeon)
Jewellery
 m - a +6 amulet of reflection (around neck)
   (You found it on level 5 of the Dungeon)
 w - a ring of poison resistance (left hand)
   (You found it on level 7 of the Dungeon)
Wands
 t - a wand of flame (1)
   (You found it on level 3 of the Dungeon)
Scrolls
 f - 7 scrolls of remove curse {@r2}
 g - 5 scrolls of amnesia
 i - 3 scrolls of fog
 n - 3 scrolls of teleportation {@r4}
 p - 2 scrolls of fear
 u - a scroll of immolation {!r}
Potions
 c - a potion of brilliance
 k - 2 potions of flight
 q - 4 potions of curing {@q1}
Comestibles
 e - 9 rations


   Skills:
 + Level 4.1 Fighting
 + Level 6.7 Dodging
 + Level 7.2 Stealth
 + Level 8.1 Spellcasting
 + Level 5.9 Conjurations
 + Level 4.9 Hexes
 - Level 2.0 Summonings
 - Level 1.1 Translocations


You had 10 spell levels left.
You knew the following spells:

 Your Spells              Type           Power        Failure   Level  Hunger
a - Magic Dart            Conj           ####         1%          1    None
b - Call Imp              Summ           #####...     1%          2    None
c - Blink                 Tloc           N/A          1%          2    None
d - Conjure Flame         Conj/Fire      #####...     1%          3    None
e - Slow                  Hex            ######..     1%          2    None
f - Corona                Hex            ######.      1%          1    None
g - Dazzling Spray        Conj/Hex       ######       1%          3    None

Your spell library contained the following spells:

 Spells                   Type           Power        Failure   Level  Hunger
 Ensorcelled Hibernation  Hex/Ice        #####.       1%          2    None
 Confuse                  Hex            ######..     1%          3    None
 Mephitic Cloud           Conj/Pois/Air  #####...     1%          3    None
 Tukima's Dance           Hex            ######..     1%          3    None


Dungeon Overview and Level Annotations

Branches:
Dungeon (7/15)             Temple (1/1) D:6

Altars:
Ashenzari
Cheibriados
Dithmenos
Elyvilon
Gozag
Hepliaklqana
Kikubaaqudgha
Makhleb
Nemelex Xobeh
Okawaru
Ru
Sif Muna
Trog
Uskayaw
Vehumet
Wu Jian
Xom
Yredelemnul
Zin
The Shining One

Annotations:
D:3 3 runed doors, Caerwyn's ghost, amateur DsVM
D:6 3 runed doors, NervFog's ghost, novice TeAE
D:7 smop's ghost, novice GrFi


Innate Abilities, Weirdness & Mutations

You have sharp toenails.
You are clumsy. (Dex -2)
You are frail. (-10% HP)
You passively map a small area around you.


Message History

* * * LOW HITPOINT WARNING * * *
Smop's ghost freezes you!
* * * LOW HITPOINT WARNING * * *
Smop's ghost is engulfed in blazing flames.
Smop's ghost says, "I'll split you in two!"
You swap places.
Your shadow imp hits smop's ghost but does no damage.
Smop's ghost hits your shadow imp. Smop's ghost hits your shadow imp!!
Your shadow imp dies!
A beastly little devil appears in a puff of frigid air.
Smop's ghost turns its malevolent gaze towards you.
You feel much better. Smop's ghost hits your white imp!!
Smop's ghost freezes your white imp.
Your white imp dies!
Your white imp hits smop's ghost but does no damage.
Your magical contamination has completely faded away.
Aim: smop's ghost, wielding a weapon of freezing (almost destroyed)
The magic dart hits smop's ghost.
Aim: smop's ghost, wielding a weapon of freezing (almost destroyed)
The puff of flame misses smop's ghost.
Smop's ghost barely misses you.
Your white imp hits smop's ghost but does no damage.
Aim: smop's ghost, wielding a weapon of freezing (almost destroyed)
The puff of flame hits smop's ghost.
Smop's ghost appears unharmed.
Smop's ghost hits you. Smop's ghost freezes you.
Your white imp hits smop's ghost.
Your white imp freezes smop's ghost.
Aim: smop's ghost, wielding a weapon of freezing (almost destroyed)
The puff of flame misses smop's ghost.
Smop's ghost hits you but does no damage.
Your white imp completely misses smop's ghost.
Aim: smop's ghost, wielding a weapon of freezing (almost destroyed)
The puff of flame hits smop's ghost.
Smop's ghost appears unharmed.
Smop's ghost hits you but does no damage.
Your white imp hits smop's ghost but does no damage.
Aim: smop's ghost, wielding a weapon of freezing (almost destroyed)
The puff of flame hits smop's ghost.
Smop's ghost hits you! Smop's ghost freezes you.
* * * LOW HITPOINT WARNING * * *
Your white imp barely misses smop's ghost.
That beam is likely to hit you.
Continue anyway?
Okay, then.
Aim: smop's ghost, wielding a weapon of freezing (almost destroyed)
The puff of flame misses smop's ghost.
Your white imp disappears in a puff of smoke!
Smop's ghost hits you!
* * * LOW HITPOINT WARNING * * *
Smop's ghost freezes you.
* * * LOW HITPOINT WARNING * * *
Smop's ghost hits you.
You die...

##5..8##.#######.#
##._.###.........#
#.####.........###
#.############.#
#####.........ยง..#.#
....############.#.#
###.# #.#.# #.# #W#.#
#.# #@#.# #.# #.#.#
#.# #.#.# #.# #.#.#
#.# #.#.#
#.############.#.#
#..............#.#
##################.#
...................#


You could see smop's ghost.

Vanquished Creatures
  A hippogriff (D:7)
  2 ice beasts (D:6)
  An ogre (D:6)
  An orc warrior (D:6)
  2 bullfrogs
  2 scorpions
  5 killer bees (D:7)
  A howler monkey (D:4)
  3 hounds
  A jelly (D:6)
  5 orc priests
  5 orc wizards
  A bullfrog skeleton (D:6)
  11 worker ants
  5 adders
  2 howler monkey skeletons
  An ooze (D:2)
  3 adder zombies
  10 dart slugs
  6 leopard geckos (D:1)
  20 orcs
  5 giant cockroaches
  8 goblins
  9 hobgoblins
  11 jackals
  5 kobolds
  4 quokkas
  7 bats
  8 frilled lizards
  A jackal skeleton (D:6)
  A leopard gecko zombie (D:5)
  A quokka skeleton (D:5)
  7 rats
155 creatures vanquished.

Vanquished Creatures (collateral kills)
  The ghost of enarc13 the Cudgeler, a novice TrSk of Wu Jian (D:7)
  Menkaure (D:4)
  A worker ant (D:4)
  Robin (D:4)
  An adder (D:2)
  A worm (D:2)
  2 orcs (D:3)
  10 goblins (D:4)
  A hobgoblin (D:4)
19 creatures vanquished.

Vanquished Creatures (others)
  A wizard (D:3)
1 creature vanquished.

Grand Total: 175 creatures vanquished

Notes
Turn   | Place    | Note
-------+----------+-------------------------------------------
     0 | D:1      | MatthieuS the Deep Elf Wizard began the quest for the Orb.
     0 | D:1      | Reached XP level 1. HP: 10/10 MP: 7/7
   335 | D:1      | Reached XP level 2. HP: 13/16 MP: 5/9
   339 | D:1      | Learned a level 2 spell: Call Imp
  1095 | D:2      | Found a hide-covered altar of Uskayaw.
  1098 | D:2      | Noticed a crimson imp
  1136 | D:2      | Reached XP level 3. HP: 20/20 MP: 6/11
  1147 | D:2      | Found a transporter.
  1248 | D:2      | Found a transporter.
  1619 | D:2      | Learned a level 3 spell: Conjure Flame
  1968 | D:2      | Reached skill level 1 in Fighting
  2077 | D:2      | Upgraded the game from 0.23-a0-275-g0cf4261 to
                  | 0.23-a0-279-g95cc579
  2080 | D:2      | Learned a level 2 spell: Blink
  2083 | D:2      | Learned a level 2 spell: Slow
  3008 | D:2      | Reached XP level 4. HP: 19/25 MP: 5/12
  3088 | D:2      | Reached skill level 5 in Spellcasting
  3771 | D:3      | Noticed Caerwyn's ghost (amateur DsVM)
  3881 | D:3      | Found a runed gate.
  3882 | D:3      | Found a runed gate.
  3882 | D:3      | Found a runed gate.
  4037 | D:3      | Found a burning altar of Makhleb.
  4045 | D:3      | Reached XP level 5. HP: 17/29 MP: 5/14
  4488 | D:3      | Found a bloodstained altar of Trog.
  4489 | D:3      | Noticed a wizard
  4495 | D:3      | Killed a wizard
  5274 | D:4      | Reached XP level 6. HP: 32/35 MP: 11/16
  5431 | D:4      | Noticed Menkaure
  5467 | D:4      | Killed Menkaure
  5764 | D:4      | Noticed Robin
  5779 | D:4      | Killed Robin
  6007 | D:4      | Found an iron altar of Okawaru.
  6253 | D:5      | Entered Level 5 of the Dungeon
  6293 | D:5      | Reached skill level 6 in Spellcasting
  6294 | D:5      | Reached XP level 7. HP: 29/40 MP: 2/18
  6624 | D:5      | Reached skill level 5 in Stealth
  6943 | D:5      | Learned a level 1 spell: Corona
  6947 | D:5      | Learned a level 3 spell: Dazzling Spray
  7544 | D:6      | Reached skill level 5 in Dodging
  7544 | D:6      | Reached skill level 1 in Hexes
  7802 | D:6      | Reached XP level 8. HP: 46/46 MP: 1/20
  8136 | D:6      | Reached skill level 7 in Spellcasting
  8244 | D:6      | Found a staircase to the Ecumenical Temple.
  8254 | Temple   | Entered the Ecumenical Temple
  8529 | D:6      | Reached skill level 5 in Conjurations
  8841 | D:6      | Found a runed gate.
  8842 | D:6      | Found a runed gate.
  8843 | D:6      | Found a runed gate.
  8843 | D:6      | Noticed a troll
  8845 | D:6      | Noticed NervFog's ghost (novice TeAE)
  8986 | D:7      | Found a runed gate.
  8986 | D:7      | Found a runed gate.
  8986 | D:7      | Found a runed gate.
  8988 | D:7      | Noticed smop's ghost (novice GrFi)
  8993 | D:7      | Noticed enarc13's ghost (novice TrSk)
  9033 | D:7      | Found a snail-covered altar of Cheibriados.
  9033 | D:7      | Found a bloodstained altar of Trog.
  9383 | D:7      | Noticed a hippogriff
  9396 | D:7      | Killed a hippogriff
  9555 | D:7      | Found a radiant altar of Vehumet.
  9557 | D:7      | Identified Vehumet's Collected Works on Combat Magic
  9560 | D:7      | Became a worshipper of Vehumet
  9563 | D:7      | Found an ancient bone altar of Kikubaaqudgha.
  9564 | D:7      | Found a deep blue altar of Sif Muna.
  9584 | D:7      | Killed enarc13's ghost
  9584 | D:7      | Reached skill level 8 in Spellcasting
  9584 | D:7      | Reached XP level 9. HP: 27/52 MP: 5/23
  9880 | D:7      | Found a shattered altar of Ashenzari.
  9883 | D:7      | Found a sparkling altar of Nemelex Xobeh.
  9886 | D:7      | Found a white marble altar of Elyvilon.
 10169 | D:7      | Gained mutation: You are frail. (-10% HP) [potion of
                  | mutation]
 10169 | D:7      | Gained mutation: You are clumsy. (Dex -2) [potion of
                  | mutation]
 10169 | D:7      | Gained mutation: You passively map a small area around you.
                  | [potion of mutation]
 10169 | D:7      | Gained mutation: You have sharp toenails. [potion of
                  | mutation]
 10467 | D:7      | Slain by smop's ghost

Vault maps used:
D:1:      nagdon_arrival_double_spiral
D:2:      gammafunk_temple_overflow_arena, serial_bayou_pond_c,
          minmay_statues_item
D:3:      makhleb_blood_cavern_becter, gammafunk_ghost_icy, first_ration,
          trog_wizard
D:4:      kennysheep_goblin_castle, serial_undead, serial_undead_d,
          serial_undead_c, serial_undead_f, serial_undead_e,
          minmay_misc_feat_encased, abandoned_shop, okawaru_ov_weapons_minmay,
          uniq_menkaure
D:5:      kennysheep_slugbush, minmay_misc_feat_roman,
          minmay_misc_feat_diagonals
D:6:      temple_statues, gammafunk_ghost_split
D:7:      grunt_temple_overflow_magic_moments, grunt_temple_overflow_open,
          grunt_temple_overflow_diamond, gammafunk_ghost_cemetery
Temple:   compressed_dpeg_triangle_lava_temple

Skill      XL: |  1  2  3  4  5  6  7  8 |
---------------+-------------------------+-----
Stealth        | 3 4 5 7 |  7.2
Conjurations   | 2 3 4 5 |  5.9
Fighting       | 1 2 3 4 |  4.1
Dodging        | 3 4 5 6 |  6.7
Spellcasting   | 5 6 8 |  8.1
Summonings     | 2 |  2.0
Hexes          | 2 4 |  4.9
Translocations | |  1.1

Action                   |  1- 3 |  4- 6 |  7- 9 || total
-------------------------+-------+-------+-------++-------
Melee: Unarmed           |    24 |    28 |     5 ||    57
Throw: Stone             |       |     2 |       ||     2
 Cast: Magic Dart        |   139 |   180 |   228 ||   547
       Call Imp          |     2 |    10 |    19 ||    31
       Conjure Flame     |     1 |     4 |    23 ||    28
       Blink             |       |     2 |     7 ||     9
       Slow              |       |     3 |     4 ||     7
Evoke: Wand              |       |     9 |    37 ||    46
  Use: Potion            |     3 |     6 |     7 ||    16
       Scroll            |       |    10 |     8 ||    18
  Eat: Chunk             |     6 |    10 |     5 ||    21
       Ration            |       |       |     3 ||     3
Armor: Robe              |    10 |     1 |       ||    11
       Leather armour    |       |    18 |    18 ||    36
Dodge: Dodged            |    41 |    69 |    36 ||   146
Block: Other             |       |       |    21 ||    21
       Reflection        |       |       |     1 ||     1

Table legend:
 A = Non-vault XP
 B = Vault XP
 C = Vault XP percentage of total XP
 D = Non-vault monster count
 E = Vault monster count
 F = Vault count percentage of total count
                 A         B        C        D         E       F
            +---------+---------+-------+---------+---------+-------
      Total |    2715 |     859 |  24.0 |     138 |      36 |  20.7
            +---------+---------+-------+---------+---------+-------
        D:1 |      40 |       0 |   0.0 |      19 |       0 |   0.0
        D:2 |     103 |       3 |   2.8 |      23 |       2 |   8.0
        D:3 |      77 |      43 |  35.8 |      29 |       1 |   3.3
        D:4 |     225 |     144 |  39.0 |      10 |      24 |  70.6
        D:5 |     412 |      32 |   7.2 |      24 |       8 |  25.0
        D:6 |    1015 |       0 |   0.0 |      21 |       0 |   0.0
        D:7 |     843 |     637 |  43.0 |      12 |       1 |   7.7
            +---------+---------+-------+---------+---------+-------
